 Dungeon Crawl Stone Soup version 0.20.0-15-g7f486f2 (webtiles) character file.

107 Hook the Insei (level 4, -4/32 HPs)
             Began as a Demonspawn Transmuter on June 16, 2017.
             Slain by Exporg's ghost (8 damage)
             ... on level 3 of the Dungeon.
             The game lasted 00:07:50 (2500 turns).

Hook the Insei (Demonspawn Transmuter)              Turns: 2500, Time: 00:07:51

Health: -4/32      AC:  4    Str: 10    XL:     4   Next: 57%
Magic:  8/8        EV: 12    Int: 16    God:
Gold:   85         SH:  0    Dex: 13    Spells: 5/8 levels left

rFire    . . .     SeeInvis .     - Unarmed
rCold    . . .     Gourm    .   (no shield)
rNeg     . . .     Faith    .   b - +0 robe
rPois    .         Spirit   .   (no helmet)
rElec    .         Reflect  .   (no cloak)
rCorr    .         Harm     .   (no gloves)
MR       .....                  (no boots)
Stlth    ++........             l - amulet of magic regeneration
Regen    0.1/turn               g - ring of stealth
MPRegen  0.2/turn               (no ring)

@: slowed, very slow
A: thin metallic scales 1, spiny 1
a: no special abilities


You were on level 3 of the Dungeon.
You were not hungry.

You visited 1 branch of the dungeon, and saw 4 of its levels.

You collected 85 gold pieces.

Inventory:

Missiles
 a - 36 arrows
Armour
 b - a +0 robe (worn)
Jewellery
 g - a ring of stealth (left hand)
 l - an amulet of magic regeneration (around neck)
Wands
 j - a wand of digging (4/24)
Scrolls
 k - a scroll of amnesia {unknown}
 m - a scroll of identify
Potions
 e - a potion of heal wounds {unknown}
 f - 2 potions of flight {unknown}
 h - a potion of resistance {unknown}
 i - a potion of mutation {unknown}
 o - a potion of lignification {unknown}
Books
 c - a book of Changes

   Spells                             Type                      Level
   a - Beastly Appendage              Transmutation                1
   b - Sticks to Snakes               Transmutation                2
   c - Spider Form                    Transmutation/Poison         3
   d - Ice Form                       Ice/Transmutation            4
   e - Blade Hands                    Transmutation                5
Comestibles
 d - a bread ration
 n - a meat ration


   Skills:
 * Level 1.4 Fighting
 + Level 2.0 Dodging
 + Level 0.2 Stealth
 * Level 3.7 Unarmed Combat
 * Level 2.7 Spellcasting
 * Level 2.4 Transmutations


You had 5 spell levels left.
You knew the following spells:

 Your Spells              Type           Power        Failure   Level  Hunger
a - Beastly Appendage     Tmut           #.....       7%          1    #......
b - Sticks to Snakes      Tmut           #.......     11%         2    ##.....


Dungeon Overview and Level Annotations

Branches:
Dungeon (4/15)
 Temple: D:4-7

Altars:

Annotations:
D:3 Exporg's ghost, amateur DgFi
D:4 Grinder


Innate Abilities, Weirdness & Mutations

You are partially covered in thin metallic scales. (AC +2)
You are partially covered in sharp spines.


Message History

The worker ant twitches its antennae in your direction.
The teleport trap disappears.
The worker ant disappears!
The orc priest barely misses you.
The orc priest looks encouraged for a moment.
There is a stone staircase leading up here.
The orc priest casts a cantrip, but nothing happens.
You climb upwards.
Level annotation: Exporg's ghost, amateur DgFi The hobgoblin is struck by your spines.
The hobgoblin misses you. The hobgoblin hits you.
* * * LOW HITPOINT WARNING * * *
There is a stone staircase leading down here.
Okay, then.
The hobgoblin closely misses you. Exporg's ghost barely misses you.
The hobgoblin barely misses you.
Exporg's ghost is struck by your spines.
Exporg's ghost barely misses you.
Exporg's ghost says, "You can hit me, but you can't hurt me."
Exporg's ghost hits you!
You die...

####
#........##.# #.
#.######.##.#
#..##)######..#.#
#.............#.#
#.###...#.....#.#
#...#......w#
#...#)......#
#...#.....W.#
######
#.###....@g>#
>....# #.#
#.....###
.†...###.#
#.....#
.........#
#.....#
......####
#.....# ........#
#.....# #.#####.#
#.....# #.......#
#.....# #########


You could see a worm, Exporg's ghost and a hobgoblin.

Vanquished Creatures
  Terence (D:2)
  A gnoll (D:1)
  3 adders
  3 leopard geckos
  An orc (D:4)
  3 ball pythons
  A giant cockroach (D:2)
  3 goblins
  7 hobgoblins
  2 jackals (D:1)
  6 bats
  2 frilled lizards (D:1)
  6 kobolds (D:1)
  5 rats (D:1)
44 creatures vanquished.

Notes
Turn   | Place    | Note
-------+----------+-------------------------------------------
     0 | D:1      | Hook the Demonspawn Transmuter began the quest for the Orb.
     0 | D:1      | Reached XP level 1. HP: 15/15 MP: 3/3
   306 | D:1      | Reached skill level 3 in Unarmed Combat
   306 | D:1      | Gained mutation: You are partially covered in sharp spines. [demonic ancestry]
   306 | D:1      | Reached XP level 2. HP: 12/21 MP: 3/5
   873 | D:1      | Gained mutation: You are partially covered in thin metallic scales. (AC +2) [demonic ancestry]
   873 | D:1      | Reached XP level 3. HP: 24/26 MP: 4/6
  1571 | D:2      | Noticed Terence
  1576 | D:2      | Learned a level 2 spell: Sticks to Snakes
  1588 | D:2      | Killed Terence
  1588 | D:2      | Reached XP level 4. HP: 9/32 MP: 4/7
  2281 | D:3      | Noticed Exporg's ghost (amateur DgFi)
  2483 | D:4      | Noticed Grinder
  2500 | D:3      | Slain by Exporg's ghost

Skill      XL: |  1  2  3  4 |
---------------+-------------+-----
Unarmed Combat | 3 |  3.7
Transmutations | 2 |  2.4
Dodging        | 2 |  2.0
Fighting       | |  1.4
Stealth        | |  0.2
Spellcasting   | |  2.7

Action                   |  1- 3 |  4- 6 || total
-------------------------+-------+-------++-------
Melee: Unarmed           |   100 |    37 ||   137
       Kick              |     9 |     4 ||    13
       Punch             |     2 |       ||     2
       Headbutt          |     6 |       ||     6
 Cast: Beastly Appendage |    17 |     9 ||    26
       Sticks to Snakes  |     1 |     4 ||     5
  Use: Scroll            |     2 |     2 ||     4
 Stab: Sleeping          |     2 |     1 ||     3
  Eat: Chunk             |     2 |     1 ||     3
       Bread ration      |       |     1 ||     1
Armor: Robe              |    21 |     8 ||    29
Dodge: Dodged            |    66 |    25 ||    91
